 Dungeon Crawl Stone Soup version 0.22.1-6-g1668fe2c40 (webtiles) character file.

108 Kohma the Ruffian (level 4, 0/36 HPs)
             Began as a Draconian Transmuter on Jan 24, 2019.
             Slain by a river rat (9 damage)
             ... on level 3 of the Dungeon.
             The game lasted 00:06:28 (2264 turns).

Kohma the Ruffian (Draconian Transmuter)            Turns: 2264, Time: 00:06:29

Health: 0/36       AC:  7    Str: 13    XL:     4   Next: 58%
Magic:  6/8        EV: 12    Int: 13    God:
Gold:   53         SH:  0    Dex: 12    Spells: 5/8 levels left

rFire    . . .     SeeInvis .     - Unarmed
rCold    . . .     Gourm    .   (no shield)
rNeg     . . .     Faith    .   (armour unavailable)
rPois    .         Spirit   .   e - +2 hat
rElec    .         Reflect  .   (no cloak)
rCorr    .         Harm     .   (no gloves)
MR       .....                  (boots currently unavailable)
Stlth    +.........             (no amulet)
HPRegen  0.12/turn              (no ring)
MPRegen  0.11/turn              (no ring)

@: appendage (expiring), very slightly contaminated
A: unfitting armour, talons 3, cold-blooded, AC +5
a: End Transformation


You were on level 3 of the Dungeon.
You were not hungry.
You had grown temporary talons.
You visited 1 branch of the dungeon, and saw 3 of its levels.

You collected 53 gold pieces.

Inventory:

Missiles
 a - 35 arrows
Armour
 e - a +2 hat (worn)
Jewellery
 f - an uncursed ring of resist corrosion {unknown}
 m - a +3 ring of dexterity {unknown}
Scrolls
 d - a scroll of enchant weapon
Potions
 g - a potion of brilliance {unknown}
 h - a potion of lignification {unknown}
 j - a potion of might {unknown}
 k - a potion of flight {unknown}
Comestibles
 b - 3 chunks of flesh
 c - 5 rations


   Skills:
 + Level 2.3 Fighting
 - Level 1.7 Dodging
 + Level 3.5 Unarmed Combat
 + Level 2.6 Spellcasting
 * Level 3.3 Transmutations


You had 5 spell levels left.
You knew the following spells:

 Your Spells              Type           Power        Failure   Level  Hunger
a - Beastly Appendage     Tmut           ##....       6%          1    #......
b - Sticks to Snakes      Tmut           ##......     9%          2    ###....

Your spell library contained the following spells:

 Spells                   Type           Power        Failure   Level  Hunger
 Spider Form              Tmut/Pois      #.........   34%         3    ###....
 Ice Form                 Ice/Tmut       #.......     75%         4    #####..
 Blade Hands              Tmut           ##........   86%         5    ######.


Dungeon Overview and Level Annotations

Branches:
Dungeon (3/15)

Altars:
Dithmenos
Nemelex Xobeh
Okawaru

Portals:
Sewer: D:3


Innate Abilities, Weirdness & Mutations

Your plain brown scales are hard. (AC +5)
You cannot fit into any form of body armour.
You are cold-blooded and may be slowed by cold attacks.
You have claws for feet.


Message History

You hit the quokka.
You kill the quokka!
Your transformation is almost over.
The river rat bites you!
* * * LOW HITPOINT WARNING * * *
You hit the river rat but do no damage.
The river rat is heavily wounded.
The river rat closely misses you. x2
You closely miss the river rat. You claw the river rat.
You kill the river rat!
The river rat barely misses you.
You hit the river rat but do no damage.
You tail-slap the river rat, but do no damage.
The river rat is lightly wounded.
The river rat bites you.
* * * LOW HITPOINT WARNING * * *
You barely miss the river rat.
The river rat is lightly wounded.
The river rat bites you!
You die...

#...... ###.#.##
#......#### .
##.#.#.#<÷.##.>..
#...###..)....#
#.### #.....#...#
###.## #....##
### #..†.# #....#
#...##@# ###..#
#.## #r≈≈≈≈∩#..#
# #..≈≈≈≈#...
##..≈≈≈#####
..≈≈≈# ...≈≈#
.....# ......


You could see a river rat.

Vanquished Creatures
  3 adders
  A river rat (D:3)
  2 dart slugs (D:1)
  2 leopard geckos (D:1)
  3 orcs (D:3)
  8 bats
  4 giant cockroaches
  7 goblins
  3 hobgoblins
  6 jackals
  A quokka (D:3)
  3 ball pythons
  6 frilled lizards
  7 kobolds
  6 rats
62 creatures vanquished.

Vanquished Creatures (collateral kills)
  2 orcs (D:3)
  A bat (D:3)
3 creatures vanquished.

Grand Total: 65 creatures vanquished

Notes
Turn   | Place    | Note
-------+----------+-------------------------------------------
     0 | D:1      | Kohma the Draconian Transmuter began the quest for the Orb.
     0 | D:1      | Reached XP level 1. HP: 16/16 MP: 3/3
   173 | D:1      | Reached XP level 2. HP: 23/23 MP: 3/5
   192 | D:1      | Learned a level 2 spell: Sticks to Snakes
   466 | D:1      | Reached XP level 3. HP: 25/29 MP: 6/6
   967 | D:2      | Found a sparkling altar of Nemelex Xobeh.
  1092 | D:2      | Found a shadowy altar of Dithmenos.
  1174 | D:2      | Found an iron altar of Okawaru.
  1663 | D:2      | Reached XP level 4. HP: 35/36 MP: 7/7
  1850 | D:3      | Found a faded altar of an unknown god.
  2247 | D:3      | Found a glowing drain.
  2264 | D:3      | Slain by a river rat

Skill      XL: |  1  2  3 |
---------------+----------+-----
Fighting       | 2 |  2.3
Transmutations | 3 |  3.3
Dodging        | |  1.7
Unarmed Combat | |  3.5
Spellcasting   | |  2.6

Action                   |  1- 3 |  4- 6 || total
-------------------------+-------+-------++-------
Melee: Unarmed           |   158 |    47 ||   205
       Kick              |     3 |     6 ||     9
       Tailslap          |    15 |     9 ||    24
       Headbutt          |     2 |       ||     2
 Cast: Beastly Appendage |     8 |     5 ||    13
       Sticks to Snakes  |       |     4 ||     4
  Use: Scroll            |       |     3 ||     3
 Stab: Sleeping          |     2 |       ||     2
  Eat: Chunk             |     3 |     2 ||     5
Armor: Skin              |    65 |    25 ||    90
Dodge: Dodged            |    88 |    52 ||   140
